 Dungeon Crawl Stone Soup version 0.13.1-28-g3517093 (webtiles) character file.

129 Iskender the Sneak (level 3, -15/16 HPs)
             Began as a Felid Chaos Knight on Mar 20, 2014.
             Was a Plaything of Xom.
             Demolished by a sun demon (27 damage)
             ... summoned by the severe capriciousness of Xom
             ... on Level 2 of the Dungeon.
             The game lasted 00:10:04 (1596 turns).

Iskender the Sneak (Felid Chaos Knight)             Turns: 1596, Time: 00:10:04

HP -15/16        AC  1     Str  8      XL: 3   Next: 55%
MP   5/5         EV 18     Int 14      God: Xom
Gold 79          SH  0     Dex 15      Spells:  0 memorised,  2 levels left
Lives: 0, deaths: 0

Res.Fire  : . . .   See Invis. : +     - Unarmed
Res.Cold  : . . .   Warding    : .   (armour unavailable)
Life Prot.: . . .   Conserve   : .   (shield unavailable)
Res.Poison: .       Res.Corr.  : .   (helmet unavailable)
Res.Elec. : .       Clarity    : .   (cloak unavailable)
Sust.Abil.: . .     Spirit.Shd : .   (gloves unavailable)
Res.Mut.  : .       Stasis     : .   (boots unavailable)
Res.Rott. : .       Flight     : .   (no amulet)
Saprovore : . . .                    (no ring)
                                     (no ring)

@: quick, slightly resistant to hostile enchantments, quite stealthy
A: paw claws, no armour, no advanced items, fangs 3, see invisible, carnivore 3,
speed 1, slow metabolism 1, AC +1
a: Renounce Religion


You were on level 2 of the Dungeon.
You worshipped Xom.
You were a special plaything of Xom.
You were completely stuffed.

You visited 1 branch of the dungeon, and saw 2 of its levels.

You collected 59 gold pieces.

Inventory:

Comestibles
 c - 2 meat rations
Scrolls
 a - 2 scrolls of remove curse {unknown}
 b - a scroll of teleportation {unknown}
 e - a scroll of random uselessness {unknown}
Potions
 d - a potion of paralysis {unknown}
 f - a potion of poison {unknown}


   Skills:
 - Level 3.0 Fighting
 - Level 3.2 Dodging
 - Level 4.4 Stealth
 + Level 3.2 Unarmed Combat


You had 2 spell levels left.
You didn't know any spells.

Dungeon Overview and Level Annotations

Branches:
Dungeon (2/27)

Altars:
the Shining One

Annotations:
D:2 Ijyb


Innate Abilities, Weirdness & Mutations

You cannot wear armour.
You are incapable of any advanced item manipulation.
Your paws have sharp claws.
You have razor-sharp teeth.
You have supernaturally acute eyesight.
You are carnivorous and can eat meat at any time.
You cover ground quickly.
You are covered in fur (AC +1).
You have a slow metabolism.


Message History

You scratch the adder.
The adder begins to bleed from its wounds!
You bite the adder, but do no damage.
The adder is severely wounded.
The adder bites you. The adder misses you.
You miss the adder. You bite the adder.
You kill the adder!
f - a slimy black potion You start resting.
Xom is getting BORED.
You start resting.
You are now a BORING thing.
You start resting.
Xom giggles.
Something turns its malign attention towards you...
You are now a special plaything of Xom.
The sun demon hits you!
Ouch! That really hurt!
You die...
Xom chortles!

#..§......#####
#.#§......§§%.#
#.#)####.####.#
#.§.##.....##.#
#§#.#.......#.#
#.#.#.......#.#
#.#....._...3.#######
###.#.#......§#..4....###
......#....§..#.@........
#####.##.....##3......###
#.####.####.......#
#####........§.......|#
......######..........#
#####.# #..........#
#..S. #..........# #....
###..######
#.....######..##


You could see a sun demon, an orange demon and a neqoxec.

Vanquished Creatures
  An adder (D:2)
  A giant mite (D:2)
  A giant cockroach (D:1)
  6 hobgoblins (D:1)
  A quokka (D:2)
  4 bats
  A giant newt (D:1)
  6 goblins
  8 kobolds (D:1)
  6 rats
35 creatures vanquished.

Notes
Turn   | Place    | Note
--------------------------------------------------------------
     0 | D:1      | Iskender, the Felid Chaos Knight, began the quest for the Orb.
     0 | D:1      | Reached XP level 1. HP: 9/9 MP: 2/2
   148 | D:1      | XOM: silly message
   155 | D:1      | Reached skill level 1 in Stealth
   262 | D:1      | XOM: silly message
   493 | D:1      | XOM: divination: detect items
   573 | D:1      | Reached XP level 2. HP: 11/13 MP: 3/3
   974 | D:1      | XOM: cast spell 'Beastly Appendage'
  1253 | D:2      | Noticed Ijyb
  1263 | D:1      | XOM: vitrification
  1307 | D:2      | Reached skill level 4 in Stealth
  1322 | D:2      | Reached XP level 3. HP: 14/16 MP: 5/5
  1502 | D:2      | XOM: colour smoke trail
  1512 | D:2      | Found a glowing golden altar of the Shining One.
  1595 | D:2      | XOM is BORED!
  1595 | D:2      | XOM: severe Summ miscast
  1596 | D:2      | Noticed a neqoxec
  1596 | D:2      | Noticed an orange demon
  1596 | D:2      | Noticed a sun demon
  1596 | D:2      | Demolished by a sun demon

Action                   || total
-------------------------++-------
Melee: Unarmed           ||    98
 Stab: Sleeping          ||     5
       Distracted        ||     1
